 Dungeon Crawl Stone Soup version 0.27-a0-1200-g94dc6ad4cf (webtiles) character file.

Game seed: 15107414616487925011

38 polve the Cutter (level 3, 0/29 HPs)
             Began as a Demonspawn Abyssal Knight on May 30, 2021.
             Was a Follower of Lugonu.
             Slain by a jackal (1 damage)
             ... on level 2 of the Dungeon.
             The game lasted 00:01:17 (1683 turns).

polve the Cutter (Demonspawn Abyssal Knight)        Turns: 1683, Time: 00:01:17

Health: 0/29       AC:  3    Str: 10 (12) XL:     3   Next: 25%
Magic:  4/4        EV: 11    Int: 11 (16) God:    Lugonu [*.....]
Gold:   65         SH:  0    Dex: 10 (12) Spells: 2/2 levels left

rFire    . . .     SeeInvis .   a - +1 short sword
rCold    . . .     Faith    .   (no shield)
rNeg     . . .     Spirit   .   b - +0 leather armour
rPois    .         Reflect  .   (no helmet)
rElec    .         Harm     .   (no cloak)
rCorr    .         Rampage  .   (no gloves)
Will     +....                  (no boots)
Stlth    +.........             (no amulet)
HPRegen  0.09/turn              (no ring)
MPRegen  0.09/turn              (no ring)

@: no status effects
A: talons 1, big brain 1, strong-willed 1, MP-powered wands
a: Renounce Religion, Depart the Abyss


You were on level 2 of the Dungeon.
You worshipped Lugonu.
Lugonu was aware of your devotion.
You visited 1 branch of the dungeon, and saw 2 of its levels.
You visited the Abyss 1 time.

You collected 65 gold pieces.

Inventory:

Hand Weapons
 a - a +1 short sword (weapon)
Armour
 b - a +0 leather armour (worn)
 e - a +0 pair of boots
Scrolls
 c - a scroll of vulnerability {unknown}
 g - 2 scrolls of fear {unknown}
 h - a scroll of identify {unknown}


   Skills:
 - Level 3.0 Fighting
 + Level 3.4 Short Blades
 - Level 1.7 Armour
 - Level 0.8 Dodging
 - Level 2.4 Invocations


You had 2 spell levels left.
You didn't know any spells.
Your spell library was empty.

Dungeon Overview and Level Annotations

Branches:
Dungeon (2/15)

Altars:


Innate Abilities, Weirdness & Mutations

You have sharp toenails.
You have an unusually large brain. (Int +2)
You are strong-willed. (Will+)
You expend magic power (3 MP) to strengthen your wands.


Message History

The goblin unwields a +0 dagger.
The goblin wields a +0 hunting sling.
The goblin shoots a stone.
The stone hits you.
* * * LOW HITPOINT WARNING * * *
You closely miss the jackal. The jackal bites you.
* * * LOW HITPOINT WARNING * * *
You closely miss the jackal. You claw the jackal.
The jackal is severely wounded.
The jackal bites you but does no damage. x2
You miss the jackal.
The jackal is severely wounded.
The jackal bites you but does no damage.
You barely miss the jackal. You claw the jackal.
You kill the jackal!
Lugonu accepts your kill.
You hit the jackal. Your kick misses the jackal.
The jackal is severely wounded.
The jackal bites you.
* * * LOW HITPOINT WARNING * * *
You barely miss the jackal.
The jackal is severely wounded.
The jackal barely misses you. The jackal misses you.
You closely miss the jackal. Your kick misses the jackal.
The jackal is severely wounded.
The jackal bites you.
* * * LOW HITPOINT WARNING * * *
You hit the jackal but do no damage. You claw the jackal, but do no damage.
The jackal is severely wounded.
The jackal bites you.
* * * LOW HITPOINT WARNING * * *
It was a potion of mutation.
You feel extremely strange.
You feel healthier.
You feel strong-willed.
You feel your magical essence link to the dungeon's wands.
The jackal bites you.
* * * LOW HITPOINT WARNING * * *
The jackal bites you but does no damage.
It was a potion of degeneration.
There was something very wrong with that liquid.
You feel weakened.
You feel dopey.
You feel clumsy. The jackal bites you.
You die...

### #####.# #### #.)...#
#.. #.###.# #.# #.# #.#
#@# #.# #.# #h# ####+
#.###.###g###.....
#..<#.#..r........
############.#...........
........)................
############.........)...
##............
#............


You could see a jackal, a goblin and a rat.

Vanquished Creatures
  A dart slug (D:2)
  2 endoplasms
  2 giant cockroaches (D:1)
  5 goblins
  2 hobgoblins (D:1)
  5 jackals
  5 kobolds
  A quokka (D:1)
  3 ball pythons
  3 bats (D:1)
  A frilled lizard (D:1)
  A rat (D:1)
31 creatures vanquished.

Notes
Turn   | Place    | Note
-------+----------+-------------------------------------------
     0 | Abyss:1  | polve the Demonspawn Abyssal Knight began the quest for the
                  | Orb.
     0 | Abyss:1  | Reached XP level 1. HP: 18/18 MP: 2/2
   132 | Abyss:1  | Noticed a shining eye
   134 | Abyss:1  | Noticed a large abomination
   134 | Abyss:1  | Noticed a small abomination
   136 | Abyss:1  | Gained mutation: Your body sometimes deteriorates upon
                  | taking damage. [a shining eye]
   137 | D:1      | Escaped the Abyss
   528 | D:1      | Gained mutation: You have an unusually large brain. (Int
                  | +2) [demonic ancestry]
   528 | D:1      | Reached XP level 2. HP: 13/24 MP: 3/3
   544 | D:1      | Reached * piety under Lugonu
  1499 | D:1      | Gained mutation: You have sharp toenails. [demonic
                  | ancestry]
  1499 | D:1      | Reached XP level 3. HP: 29/29 MP: 4/4
  1682 | D:2      | Lost mutation: Your body sometimes deteriorates upon taking
                  | damage. [potion of mutation]
  1682 | D:2      | Gained mutation: You are strong-willed. (Will+) [potion of
                  | mutation]
  1682 | D:2      | Gained mutation: You expend magic power (3 MP) to
                  | strengthen your wands. [potion of mutation]
  1682 | D:2      | HP: 1/29 [jackal (2)]
  1683 | D:2      | Slain by a jackal

Illustrated notes

Levels and vault maps discovered:
D:1:      lemuel_arrival_river_ford, layout_loops_ring
D:2:      layout_basic, hellmonk_ecumenical_altar_leap_of_faith

Skill      XL: |  1  2 |
---------------+-------+-----
Short Blades   | 2 3 |  3.4
Fighting       | |  3.0
Armour         | |  1.7
Dodging        | |  0.8
Invocations    | |  2.4

Action                   || total
-------------------------++-------
Melee: Short sword       ||   132
       Kick              ||     6
Invok: Depart the Abyss  ||     1
  Use: Potion            ||     2
Armor: Leather armour    ||    39
Dodge: Dodged            ||    83

Table legend: (Time is in decaauts)
 A = Elapsed time spent in this place.
 B = Non-inter-level travel time spent in this place.
 C = Inter-level travel time spent in this place.
 D = Time resting spent in this place.
 E = Time spent auto-exploring this place.
 F = Levels seen in this place.
 G = Mean time per level.
                   A        B        C        D        E       F      G
               +--------+--------+--------+--------+--------+-----+--------+
         Total |   1686 |   1671 |     15 |      0 |   1406 |   3 |  562.0 |
       Dungeon |   1547 |   1532 |     15 |      0 |   1273 |   2 |  773.5 |
         Abyss |    138 |    138 |      0 |      0 |    132 |   1 |  138.0 |
               +--------+--------+--------+--------+--------+-----+--------+

Top non-repeatable levels by time:
     D:1: 1388 daAuts
     D:2: 159 daAuts
 Abyss:1: 138 daAuts
